 Dungeon Crawl Stone Soup version 0.23-a0-4-g8f018a2 (webtiles) character file.

60 inc the Conjurer (level 3, -4/24 HPs)
             Began as a Mummy Fire Elementalist on July 30, 2018.
             Slain by a gnoll (7 damage)
             ... on level 2 of the Dungeon on July 31, 2018.
             The game lasted 00:03:04 (1788 turns).

inc the Conjurer (Mummy Fire Elementalist)          Turns: 1788, Time: 00:03:05

Health: -4/24      AC:  3    Str: 11    XL:     3   Next: 82%
Magic:  1/7        EV: 12    Int: 15    God:
Gold:   75         SH:  0    Dex: 12    Spells: 3/7 levels left

rFire    x . .     SeeInvis .   e - +1 dagger (speed)
rCold    + . .     Gourm    .   (no shield)
rNeg     + + +     Faith    .   a - +0 robe
rPois    ∞         Spirit   .   (no helmet)
rElec    .         Reflect  .   (no cloak)
rCorr    .         Harm     .   f - +0 pair of gloves
MR       +....                  (no boots)
Stlth    ++........             (no amulet)
HPRegen  0.08/turn              b - ring of protection from magic
MPRegen  0.10/turn              (no ring)

@: no status effects
A: no food or potions, fire vulnerability, cold resistance 1, negative energy
resistance 3, torment resistance, unbreathing
a: no special abilities


You were on level 2 of the Dungeon.
You were not hungry.

You visited 1 branch of the dungeon, and saw 2 of its levels.

You collected 75 gold pieces.

Inventory:

Hand Weapons
 c - a +0 club
 e - a +1 dagger of speed (weapon)
Armour
 a - a +0 robe (worn)
 f - a +0 pair of gloves (worn)
Jewellery
 b - a ring of protection from magic (left hand)
Scrolls
 d - a scroll of teleportation {unknown}
 g - 2 scrolls of identify {unknown}
 h - a scroll of enchant armour {unknown}


   Skills:
 - Level 1.5 Dodging
 - Level 1.5 Stealth
 - Level 2.6 Spellcasting
 + Level 2.8 Conjurations
 + Level 2.7 Fire Magic


You had 3 spell levels left.
You knew the following spells:

 Your Spells              Type           Power        Failure   Level  Hunger
a - Flame Tongue          Conj/Fire      ##...        7%          1    N/A
b - Conjure Flame         Conj/Fire      ##......     21%         3    N/A

Your spell library contained the following spells:

 Spells                   Type           Power        Failure   Level  Hunger
 Fireball                 Conj/Fire      ##........   88%         5    N/A
 Throw Flame              Conj/Fire      ##....       10%         2    N/A
 Sticky Flame             Conj/Fire      ##......     54%         4    N/A
 Inner Flame              Hex/Fire       #.......     34%         3    N/A

Dungeon Overview and Level Annotations

Branches:
Dungeon (2/15)

Altars:
Sif Muna
Trog


Innate Abilities, Weirdness & Mutations

You do not eat or drink.
Your flesh is vulnerable to fire.
You are immune to poison.
Your flesh is cold resistant. (rC+)
You are immune to negative energy. (rN+++)
You are immune to unholy pain and torment.
You can survive without breathing.


Message History

The gnoll hits you.
Casting: Flame Tongue (safe; 7% risk of failure)
Confirm with . or Enter, or press ? or * to list all spells.
Aiming: Flame Tongue (safe; 7% risk of failure)
Press: ? - help, Shift-Dir - straight line, f/p - gnoll
Aim: a gnoll (lightly wounded)
The flame tongue hits the gnoll.
The gnoll is moderately wounded.
A gnoll comes into view. It is wielding a club.
The gnoll hits you but does no damage.
Casting: Flame Tongue (safe; 7% risk of failure)
Confirm with . or Enter, or press ? or * to list all spells.
Aiming: Flame Tongue (safe; 7% risk of failure)
Press: ? - help, Shift-Dir - straight line, f/p - gnoll
Aim: a gnoll (moderately wounded)
The flame tongue misses the gnoll.
The flame tongue hits the gnoll.
The gnoll appears unharmed.
The gnoll hits you with a club!
* * * LOW HITPOINT WARNING * * *
The gnoll hits you!
You die...

##...####.# #.#
........#.#######.#
##...##.#.........#
##.###.########..#
#.###.########..#
#...............#
#..#########.#..#
#..# #.#.g#####
#..# #†#@ggg.g#
#..# #......#.#
#... ...<....#..#.#
#.(# ####.......#.#
#..# #.##.##.# #
#.. #.# .# #.. ...
.. ... #.# ... ###
#.# ##


You could see 4 gnolls and a goblin.

Vanquished Creatures
  An adder (D:2)
  An ooze (D:1)
  A dart slug (D:2)
  3 bats
  A giant cockroach (D:1)
  4 goblins
  7 hobgoblins
  10 jackals
  3 kobolds
  A quokka (D:2)
  2 frilled lizards (D:1)
  4 rats
38 creatures vanquished.

Notes
Turn   | Place    | Note
-------+----------+-------------------------------------------
     0 | D:1      | inc the Mummy Fire Elementalist began the quest for the Orb.
     0 | D:1      | Reached XP level 1. HP: 13/13 MP: 4/4
    21 | D:1      | Reached skill level 1 in Conjurations
   120 | D:1      | Reached XP level 2. HP: 19/19 MP: 2/5
   121 | D:1      | Upgraded the game from 0.22-a0-880-gb7b0c8b to 0.23-a0-4-g8f018a2
  1162 | D:2      | Reached XP level 3. HP: 24/24 MP: 5/7
  1215 | D:2      | Learned a level 3 spell: Conjure Flame
  1366 | D:2      | Found a bloodstained altar of Trog.
  1670 | D:2      | Found a deep blue altar of Sif Muna.
  1788 | D:2      | Slain by a gnoll

Vault maps used:
D:1:      dpeg_arrival_water_temple_mockup
D:2:      lemuel_blue_sif_altar, bloody_trog,
          chequers_ecumenical_altar_simple_redux, uniq_jessica

Skill      XL: |  1  2 |
---------------+-------+-----
Conjurations   | 1 2 |  2.8
Dodging        | |  1.5
Stealth        | |  1.5
Spellcasting   | |  2.6
Fire Magic     | |  2.7

Action                   || total
-------------------------++-------
Melee: Unarmed           ||    16
       Club              ||    10
 Cast: Flame Tongue      ||    76
Armor: Robe              ||     8
Dodge: Dodged            ||    44

Table legend:
 A = Spawn XP
 B = Non-spawn XP
 C = Spawn XP percentage of total XP
 D = Spawn monster count
 E = Non-spawn monster count
 F = Spawn count percentage of total count
 G = Total turns spent on level
                    A         B        C        D         E        F      G
               +---------+---------+-------+---------+---------+-------+---------
         Total |       0 |      87 |   0.0 |       0 |      38 |   0.0 |  1788
               +---------+---------+-------+---------+---------+-------+---------
           D:1 |       0 |      40 |   0.0 |       0 |      19 |   0.0 |  1160
           D:2 |       0 |      47 |   0.0 |       0 |      19 |   0.0 |   628
               +---------+---------+-------+---------+---------+-------+---------
